3L
BUCKHEAD BOWTIES @ CHICAGO HAWKS
05/22/2031
 
TOP OF THE 1ST
Buckhead Bowties batting - Pitching for Chicago Hawks : RHP Lucas Begay
Pitching: RHP Lucas Begay
Batting: LHB José Valéncia 0-0: Ball
1-0: Ball
2-0: Ground out U3 (Groundball, 34)
Batting: LHB Roberto Salazar 0-0: SINGLE (Line Drive, 9S)
Batting: RHB Richard Jost 0-0: Ball
1-0: Ball
2-0: Ball
3-0: Called Strike
3-1: Base on Balls
Roberto Salazar to second
Batting: RHB Derek Bangert 0-0: Ball
1-0: Ball
2-0: Swinging Strike
2-1: Swinging Strike
2-2: Strikes out swinging
Batting: LHB Yataro Kodo 0-0: Called Strike
0-1: Fly out, F7 (Flyball, 78M)
Top of the 1st over - 0 runs, 1 hit, 0 errors, 2 left on base; Buckhead 0 - Chicago 0
BOTTOM OF THE 1ST
Chicago Hawks batting - Pitching for Buckhead Bowties : RHP Manny Caraballo
Pitching: RHP Manny Caraballo
Batting: RHB Jorge Salgado 0-0: Ball
1-0: Called Strike
1-1: Swinging Strike
1-2: Ball
2-2: Foul Ball, location: 2F
2-2: Fly out, F9 (Flyball, 9LM)
Batting: LHB Jeff Simpson 0-0: Foul Ball, location: 2F
0-1: Ground out 4-3 (Groundball, 4)
Batting: LHB Scott Janousek 0-0: Called Strike
0-1: Called Strike
0-2: Foul Ball, location: 2F
0-2: Strikes out swinging
Bottom of the 1st over - 0 runs, 0 hits, 0 errors, 0 left on base; Buckhead 0 - Chicago 0
TOP OF THE 2ND
Buckhead Bowties batting - Pitching for Chicago Hawks : RHP Lucas Begay
Batting: RHB Raúl Ruíz 0-0: Fly out, F7 (Flyball, 78S)
Batting: SHB Seishiro Nishimura 0-0: Called Strike
0-1: Called Strike
0-2: Ball
1-2: Ball
2-2: Strikes out swinging
Batting: RHB Gabriel Maldonado 0-0: Called Strike
0-1: Ball
1-1: Called Strike
1-2: Ball
2-2: Ball
3-2: Foul Ball, location: 2F
3-2: Foul Ball, location: 2F
3-2: Ground out 5-3 (Groundball, 5)
Top of the 2nd over - 0 runs, 0 hits, 0 errors, 0 left on base; Buckhead 0 - Chicago 0
BOTTOM OF THE 2ND
Chicago Hawks batting - Pitching for Buckhead Bowties : RHP Manny Caraballo
Batting: LHB Cole Thrash 0-0: Foul Ball, location: 2F
0-1: Ground out 4-3 (Groundball, 4)
Batting: RHB Cam MacIntosh 0-0: Foul Ball, location: 2F
0-1: SINGLE (Flyball, 7LS)
Batting: RHB Paddy Hodnett 0-0: Ball
1-0: Ball
2-0: Foul Ball, location: 2F
2-1: Ground out U3 (Groundball, 3S)
Cam MacIntosh to second
Batting: LHB Errol Levick 0-0: Called Strike
0-1: Ball
Wild Pitch!
Cam MacIntosh to third
1-1: Ground out 5-3 (Groundball, 56)
Bottom of the 2nd over - 0 runs, 1 hit, 0 errors, 1 left on base; Buckhead 0 - Chicago 0
TOP OF THE 3RD
Buckhead Bowties batting - Pitching for Chicago Hawks : RHP Lucas Begay
Batting: RHB Kevin Baxter 0-0: Called Strike
0-1: Foul Ball, location: 2F
0-2: Foul Ball, location: 2F
0-2: Ball
1-2: Strikes out swinging
Batting: LHB José Valéncia 0-0: SINGLE (Groundball, 4MD)
Batting: LHB Roberto Salazar 0-0: Ball
1-0: Ball
2-0: Ground out 6-3 (Groundball, 56D)
José Valéncia to second
Batting: RHB Richard Jost 0-0: Swinging Strike
0-1: Ball
1-1: Called Strike
1-2: Ball
Passed Ball!
José Valéncia to third
2-2: Ball
3-2: Ground out 3-1 (Groundball, 34S)
Top of the 3rd over - 0 runs, 1 hit, 0 errors, 1 left on base; Buckhead 0 - Chicago 0
BOTTOM OF THE 3RD
Chicago Hawks batting - Pitching for Buckhead Bowties : RHP Manny Caraballo
Batting: RHB Reg Spiers 0-0: Ball
1-0: Ball
2-0: Called Strike
2-1: Foul Ball, location: 2F
2-2: Ball
3-2: SINGLE (Line Drive, 6M)
Batting: RHB Tevin McTevin 0-0: Called Strike
0-1: Ball
1-1: DOUBLE (Line Drive, 9LS)
Reg Spiers to third
Runner from 3rd tries for Home, SAFE, no throw
Batting: RHB Jorge Salgado 0-0: Called Strike
0-1: Called Strike
0-2: Strikes out looking
Batting: LHB Jeff Simpson 0-0: Ball
1-0: Foul Ball, location: 2F
1-1: Ball
2-1: DOUBLE (Line Drive, 9LM)
Tevin McTevin scores
Batting: LHB Scott Janousek 0-0: Called Strike
0-1: Ball
1-1: SINGLE (Groundball, 34D)
Jeff Simpson to third
Runner from 3rd tries for Home, SAFE, no throw
Batting: LHB Cole Thrash 0-0: Ball
1-0: Ball
2-0: Called Strike
2-1: Ball
3-1: Fielders Choice at 2nd, 6-4 (Groundball, 6)
Batting: RHB Cam MacIntosh 0-0: Ball
1-0: Foul Ball, location: 2F
1-1: Ball
2-1: Foul Ball, location: 2F
2-2: Ball
3-2: Base on Balls
Cole Thrash to second
Batting: RHB Paddy Hodnett 0-0: Ball
1-0: Ball
2-0: Called Strike
2-1: 3-RUN HOME RUN (Flyball, 89XD), Distance : 377 ft
Batting: LHB Errol Levick 0-0: Called Strike
0-1: Called Strike
0-2: Foul Ball, location: 2F
0-2: Strikes out looking
Bottom of the 3rd over - 6 runs, 5 hits, 0 errors, 0 left on base; Buckhead 0 - Chicago 6
TOP OF THE 4TH
Buckhead Bowties batting - Pitching for Chicago Hawks : RHP Lucas Begay
Batting: RHB Derek Bangert 0-0: Called Strike
0-1: Swinging Strike
0-2: Strikes out looking
Batting: LHB Yataro Kodo 0-0: Ball
1-0: Called Strike
1-1: Swinging Strike
1-2: Foul Ball, location: 2F
1-2: Foul Ball, location: 2F
1-2: Strikes out swinging
Batting: RHB Raúl Ruíz 0-0: Ball
1-0: Swinging Strike
1-1: Ball
2-1: Ball
3-1: Swinging Strike
3-2: Strikes out swinging
Top of the 4th over - 0 runs, 0 hits, 0 errors, 0 left on base; Buckhead 0 - Chicago 6
BOTTOM OF THE 4TH
Chicago Hawks batting - Pitching for Buckhead Bowties : RHP Manny Caraballo
Batting: RHB Reg Spiers 0-0: Ground out U3 (Groundball, 3)
Batting: RHB Tevin McTevin 0-0: Ball
1-0: Swinging Strike
1-1: Swinging Strike
1-2: Ball
2-2: Ball
3-2: Ground out 4-3 (Groundball, 34)
Batting: RHB Jorge Salgado 0-0: Called Strike
0-1: Ball
1-1: Foul Ball, location: 2F
1-2: Foul Ball, location: 2F
1-2: Ball
2-2: Fly out, F8 (Flyball, 8RXD)
Bottom of the 4th over - 0 runs, 0 hits, 0 errors, 0 left on base; Buckhead 0 - Chicago 6
TOP OF THE 5TH
Buckhead Bowties batting - Pitching for Chicago Hawks : RHP Lucas Begay
Batting: SHB Seishiro Nishimura 0-0: Swinging Strike
0-1: Ball
1-1: Ball
2-1: Called Strike
2-2: Ball
3-2: Foul Ball, location: 2F
3-2: Base on Balls
Batting: RHB Gabriel Maldonado 0-0: Ball
1-0: Foul Ball, location: 2F
1-1: Ball
2-1: Called Strike
2-2: Ball
3-2: Foul Ball, location: 2F
3-2: Foul Ball, location: 2F
3-2: Base on Balls
Seishiro Nishimura to second
Batting: RHB Kevin Baxter 0-0: Called Strike
0-1: Called Strike
0-2: Foul Ball, location: 2F
0-2: Strikes out looking
Batting: LHB José Valéncia 0-0: Fly out, F7 (Flyball, 7D)
Batting: LHB Roberto Salazar 0-0: Ball
1-0: Foul Ball, location: 2F
1-1: Called Strike
1-2: Ball
2-2: Foul Ball, location: 2F
2-2: Ball
3-2: Fly out, F7 (Flyball, 7LS)
Top of the 5th over - 0 runs, 0 hits, 0 errors, 2 left on base; Buckhead 0 - Chicago 6
BOTTOM OF THE 5TH
Chicago Hawks batting - Pitching for Buckhead Bowties : RHP Manny Caraballo
Batting: LHB Jeff Simpson 0-0: Ball
1-0: Fly out, F9 (Flyball, 89D)
Batting: LHB Scott Janousek 0-0: Ball
1-0: SINGLE (Flyball, 9LS)
Batting: LHB Cole Thrash 0-0: Ball
1-0: Called Strike
1-1: Ball
2-1: Ball
3-1: Foul Ball, location: 2F
3-2: Ground out U3 (Groundball, 3S)
Scott Janousek to second
Batting: RHB Cam MacIntosh 0-0: Ball
1-0: Ball
2-0: Ball
3-0: Called Strike
3-1: Foul Ball, location: 2F
3-2: Reached on error, E6 (Groundball, 6)
Scott Janousek scores
Pitching: RHP Tomás Vargas
Batting: RHB Paddy Hodnett 0-0: Ball
1-0: Fly out, F7 (Flyball, 7)
Bottom of the 5th over - 1 run, 1 hit, 1 error, 1 left on base; Buckhead 0 - Chicago 7
TOP OF THE 6TH
Buckhead Bowties batting - Pitching for Chicago Hawks : RHP Lucas Begay
Batting: RHB Richard Jost 0-0: Ball
1-0: Ground out 6-3 (Groundball, 6)
Batting: RHB Derek Bangert 0-0: Foul Ball, location: 2F
0-1: Ball
1-1: SINGLE (Groundball, 6MD)
Pitching: RHP Santiago Maes
Batting: LHB Yataro Kodo 0-0: Called Strike
0-1: Foul Ball, location: 2F
0-2: Foul Ball, location: 2F
0-2: Ball
1-2: Ball
2-2: Ball
3-2: Grounds into double play, 5-4-3 (Groundball, 56)
Top of the 6th over - 0 runs, 1 hit, 0 errors, 0 left on base; Buckhead 0 - Chicago 7
BOTTOM OF THE 6TH
Chicago Hawks batting - Pitching for Buckhead Bowties : RHP Tomás Vargas
Batting: LHB Errol Levick 0-0: Foul Ball, location: 2F
0-1: Called Strike
0-2: Ball
1-2: Foul Ball, location: 2F
1-2: Foul Ball, location: 2F
1-2: Ball
2-2: Foul Ball, location: 2F
2-2: Strikes out swinging
Batting: RHB Reg Spiers 0-0: Foul Ball, location: 2F
0-1: Ball
1-1: Ball
2-1: Foul Ball, location: 2F
2-2: Ground out 5-3 (Groundball, 56)
Batting: RHB Tevin McTevin 0-0: Called Strike
0-1: Called Strike
0-2: Strikes out swinging
Bottom of the 6th over - 0 runs, 0 hits, 0 errors, 0 left on base; Buckhead 0 - Chicago 7
TOP OF THE 7TH
Buckhead Bowties batting - Pitching for Chicago Hawks : RHP Santiago Maes
Batting: RHB Raúl Ruíz 0-0: Called Strike
0-1: Ground out 6-3 (Groundball, 6MS)
Batting: SHB Seishiro Nishimura 0-0: Ball
1-0: Called Strike
1-1: Foul Ball, location: 2F
1-2: Fly out, F8 (Flyball, 8LD)
Batting: RHB Gabriel Maldonado 0-0: Foul Ball, location: 2F
0-1: DOUBLE (Line Drive, 7LM)
Batting: RHB Kevin Baxter 0-0: Ground out 5-3 (Groundball, 56S)
Top of the 7th over - 0 runs, 1 hit, 0 errors, 1 left on base; Buckhead 0 - Chicago 7
BOTTOM OF THE 7TH
Chicago Hawks batting - Pitching for Buckhead Bowties : RHP Tomás Vargas
Batting: RHB Jorge Salgado 0-0: Ground out 4-3 (Groundball, 4)
Batting: LHB Jeff Simpson 0-0: Ball
1-0: Foul Ball, location: 2F
1-1: Foul Ball, location: 2F
1-2: Ground out 6-3 (Groundball, 6)
Batting: LHB Scott Janousek 0-0: Called Strike
0-1: Swinging Strike
0-2: Ball
1-2: Strikes out swinging
Bottom of the 7th over - 0 runs, 0 hits, 0 errors, 0 left on base; Buckhead 0 - Chicago 7
TOP OF THE 8TH
Buckhead Bowties batting - Pitching for Chicago Hawks : RHP Santiago Maes
Batting: LHB José Valéncia 0-0: Foul Ball, location: 2F
0-1: Swinging Strike
0-2: Strikes out looking
Batting: LHB Roberto Salazar 0-0: Ball
1-0: Ball
2-0: Ball
3-0: Base on Balls
Batting: RHB Richard Jost 0-0: Fielders Choice at 2nd, 6-4 (Groundball, 6)
Batting: RHB Derek Bangert Balk!
Richard Jost to second
0-0: Foul Ball, location: 2F
0-1: Foul Ball, location: 2F
0-2: Strikes out swinging
Top of the 8th over - 0 runs, 0 hits, 0 errors, 1 left on base; Buckhead 0 - Chicago 7
BOTTOM OF THE 8TH
Chicago Hawks batting - Pitching for Buckhead Bowties : RHP Tomás Vargas
Batting: LHB Cole Thrash 0-0: DOUBLE (Flyball, 89D)
Batting: RHB Cam MacIntosh 0-0: SINGLE (Groundball, 56) (infield hit)
Cole Thrash to third
Batting: RHB Paddy Hodnett 0-0: Fly out, F9 (Flyball, 89S)
Runner from 3rd tags up, SCORES, no throw
Batting: LHB Errol Levick 0-0: Ball
1-0: Ball
2-0: Ball
3-0: Called Strike
3-1: Grounds into double play, 4-6-3 (Groundball, 4)
Bottom of the 8th over - 1 run, 2 hits, 0 errors, 0 left on base; Buckhead 0 - Chicago 8
TOP OF THE 9TH
Buckhead Bowties batting - Pitching for Chicago Hawks : RHP Santiago Maes
Batting: LHB Yataro Kodo 0-0: Ball
1-0: Called Strike
1-1: Foul Ball, location: 2F
1-2: Ground out U3 (Groundball, 3)
Batting: RHB Raúl Ruíz 0-0: Called Strike
0-1: DOUBLE (Line Drive, 7LS)
Batting: SHB Seishiro Nishimura 0-0: Ball
Wild Pitch!
Raúl Ruíz to third
1-0: SINGLE (Groundball, 6MD)
Raúl Ruíz scores
Batting: RHB Gabriel Maldonado 0-0: Foul Ball, location: 2F
0-1: Ball
1-1: Foul Ball, location: 2F
1-2: Ball
2-2: Ball
3-2: Fly out, F7 (Line Drive, 78S)
Batting: RHB Kevin Baxter 0-0: SINGLE (Line Drive, 7S)
Seishiro Nishimura to second
Batting: LHB José Valéncia 0-0: Called Strike
0-1: SINGLE (Line Drive, 6D)
Seishiro Nishimura to third
Kevin Baxter to second
Batting: LHB Roberto Salazar 0-0: Ball
1-0: Ground out U3 (Groundball, 3)
Top of the 9th over - 1 run, 4 hits, 0 errors, 3 left on base; Buckhead 1 - Chicago 8
Tuesday, June 12th, 2018 - OOTP Baseball 18.8 Build 76